 Dungeon Crawl Stone Soup version 0.27.1-3-gb3d3a73c9e (webtiles) character file.

Game seed: 15639405144972953013

571 Atelerd the Digger (level 7, -2/45 HPs)
             Began as an Octopode Earth Elementalist on Oct 10, 2021.
             Succumbed to a water moccasin's poison
             ... on level 5 of the Dungeon.
             The game lasted 00:06:27 (5844 turns).

Atelerd the Digger (Octopode Earth Elementalist)    Turns: 5844, Time: 00:06:28

Health: -2/45      AC:  1    Str:  7    XL:     7   Next: 34%
Magic:  12/13      EV: 13    Int: 19    God:
Gold:   178        SH:  0    Dex: 13    Spells: 7/14 levels left

rFire    . . .     SeeInvis .   t - +1 dagger (venom)
rCold    . . .     Faith    .   (no shield)
rNeg     . . .     Spirit   .   (helmet restricted)
rPois    .         Reflect  .   (no amulet)
rElec    .         Harm     .   (no ring)
rCorr    .         Rampage  .   (no ring)
Will     .....                  (no ring)
Stlth    +++.......             (no ring)
HPRegen  0.15/turn              (no ring)
MPRegen  0.13/turn              (no ring)
                                (no ring)
                                (no ring)

@: lethally poisoned (-2 -> -33), hasted, very quick
A: almost no armour, amphibious, 8 rings, camouflage 1, gelatinous body 1,
(nimble swimmer 1), tentacles
a: no special abilities


You were on level 5 of the Dungeon.
You visited 1 branch of the dungeon, and saw 5 of its levels.

You collected 178 gold pieces.

Inventory:

Hand Weapons
 a - a +0 short sword
 e - a +8 club
 t - a +1 dagger of venom (weapon)
Missiles
 b - 111 stones
 o - 2 throwing nets
Wands
 g - a wand of iceblast (7)
Scrolls
 c - 3 scrolls of amnesia {unknown}
 f - a scroll of silence {unknown}
 h - a scroll of fear {unknown}
 i - a scroll of identify {unknown}
 j - a scroll of noise {unknown}
 k - a scroll of immolation {unknown}
 l - a scroll of blinking {unknown}
 p - 3 scrolls of brand weapon {unknown}
 q - 2 scrolls of enchant armour {unknown}
 s - 2 scrolls of teleportation {unknown}
Potions
 d - a potion of might
 m - a potion of mutation {unknown}
 r - a potion of curing {unknown}


   Skills:
 - Level 2.0 Fighting
 - Level 2.0 Dodging
 + Level 3.7 Stealth
 + Level 4.1 Spellcasting
 + Level 4.1 Transmutations
 + Level 4.9 Earth Magic


You had 7 spell levels left.
You knew the following spells:

 Your Spells              Type           Power      Damage    Failure   Level
a - Sandblast             Erth           44%        2d11      1%          1
c - Blink                 Tloc           N/A        N/A       21%         2
p - Petrify               Tmut/Erth      21%        N/A       21%         4

Your spell library contained the following spells:

 Spells                   Type           Power      Damage    Failure   Level
 Passwall                 Tmut/Erth      17%        N/A       3%          2
 Stone Arrow              Conj/Erth      26%        3d8       16%         3
 Call Canine Familiar     Summ           3%         N/A       38%         3
 Lesser Beckoning         Tloc           1%         N/A       38%         3
 Ozocubu's Armour         Ice            3%         N/A       38%         3
 Portal Projectile        Hex/Tloc       6%         N/A       38%         3
 Leda's Liquefaction      Hex/Erth       6%         N/A       45%         4
 Manifold Assault         Tloc           3%         N/A       98%         5
 Ozocubu's Refrigeration  Ice            1%         4d5       100%        7


Dungeon Overview and Level Annotations

Branches:
Dungeon (5/15)
 Temple: D:4-7

Altars:
Elyvilon

Shops:
D:3 [   D:5 *

Annotations:
D:3 exclusion: downstairs


Innate Abilities, Weirdness & Mutations

You cannot wear most types of armour.
You are amphibious.
You can wear up to eight rings at the same time.
Your skin changes colour to match your surroundings (Stealth+).
Your rubbery body absorbs attacks. (AC +1, EV +1)
((You are camouflaged near water. (Stealth+)))
You have tentacles for arms and can constrict up to eight enemies at once.


Message History

A water moccasin is nearby!
An adder and a water moccasin come into view.
There is an open door here.
The helpless adder fails to defend itself.
You puncture the adder! You grab the adder.
The adder is almost dead.
You constrict the adder.
You kill the adder!
There is an entrance to Poheu's Serpentskin Sales here.
The helpless water moccasin fails to defend itself.
You puncture the water moccasin!
The water moccasin is poisoned.
Your grab misses the water moccasin. Your squeeze misses the water moccasin.
The water moccasin is heavily wounded.
The water moccasin bites you. The water moccasin closely misses you.
The water moccasin hisses angrily.
The water moccasin barely misses you.
There is an open door here.
The blast of sand misses the water moccasin.
The water moccasin barely misses you. The water moccasin bites you. x2
You are poisoned.
The water moccasin poisons you!
You feel very sick. The water moccasin bites you!
The water moccasin misses you.
You feel sick. The water moccasin bites you!
You are lethally poisoned!
The water moccasin poisons you!
* * * LOW HITPOINT WARNING * * *
You feel very sick.
There is a stone staircase leading up here.
Okay, then.
Okay, then.
* * * LOW HITPOINT WARNING * * *
You feel very sick. The water moccasin bites you.
* * * LOW HITPOINT WARNING * * *
You are more poisoned.
The water moccasin poisons you!
It was a potion of haste.
You feel yourself speed up.
You die...

...<..........#
........#####.# ##+##
#######.# #.# #...# #.#
#(# #.∩.####### #.# #.#
#..†#.....# #.# #.#
##'######.# #.# #.#
#....###.####.### #.#
#...SS@.........# #.#
#....###.####.#.###.#
##.#...........#.##..#
#..............#.##.##
..##..#.####.##..##.##.#
......#.####.##).##.##.#
.###........##..##.##.#
###.#######..##.##.#
#.....#####..##.##.#


You could see 2 water moccasins.

Vanquished Creatures
  A black bear (D:4)
  A centaur zombie (D:5)
  A bullfrog zombie (D:5)
  A hound (D:3)
  Jessica (D:2)
  2 bullfrog skeletons (D:5)
  An iguana (D:5)
  An orc wizard (D:5)
  13 adders
  A white imp (D:4)
  3 worms
  6 dart slugs
  8 orcs
  8 ball pythons
  10 endoplasms
  3 giant cockroaches
  6 goblins
  7 hobgoblins
  4 quokkas
  10 bats
  8 frilled lizards
  9 kobolds
  4 rats
109 creatures vanquished.

Notes
Turn   | Place    | Note
-------+----------+-------------------------------------------
     0 | D:1      | Atelerd the Octopode Earth Elementalist began the quest for
                  | the Orb.
     0 | D:1      | Reached XP level 1. HP: 11/11 MP: 3/3
    76 | D:1      | Reached XP level 2. HP: 11/17 MP: 0/5
   477 | D:1      | Reached XP level 3. HP: 20/21 MP: 3/6
  1105 | D:2      | Noticed Jessica
  1111 | D:2      | Killed Jessica
  1112 | D:2      | Reached XP level 4. HP: 21/27 MP: 6/8
  1352 | D:2      | Found a faded altar of an unknown god.
  2387 | D:3      | Found a white marble altar of Elyvilon.
  2422 | D:3      | Reached skill level 1 in Fighting
  2422 | D:3      | Reached XP level 5. HP: 21/33 MP: 7/9
  2544 | D:3      | Found Tikoze's Armour Emporium.
  3716 | D:4      | Noticed a black bear
  3725 | D:4      | Killed a black bear
  3726 | D:4      | Reached XP level 6. HP: 16/39 MP: 3/11
  3731 | D:4      | Learned a level 4 spell: Petrify
  3734 | D:4      | Learned a level 2 spell: Blink
  5052 | D:5      | Entered Level 5 of the Dungeon
  5161 | D:5      | Reached XP level 7. HP: 33/45 MP: 12/12
  5829 | D:5      | Found Poheu's Serpentskin Sales.
  5844 | D:5      | Succumbed to a water moccasin's poison

Illustrated notes

Levels and vault maps discovered:
D:1:      lightli_iron_boxes, layout_rooms
D:2:      minmay_inner_zag, layout_loops_ring,
          hellmonk_ecumenical_altar_arch_garden, bh_walls_and_bars, uniq_jessica
D:3:      layout_basic, elyvilon_altar_5, serial_shops, nicolae_shop_crystal,
          minmay_fractal_squares_diagonal_5
D:4:      layout_cave_pools, minmay_snake_closets
D:5:      layout_loops_ring, lemuel_coloured_pillars_altar, guppyfry_shop_venom

Skill      XL: |  1  2  3  4  5  6  7 |
---------------+----------------------+-----
Transmutations | 2 3 4 |  4.1
Fighting       | 1 2 |  2.0
Spellcasting   | 3 4 |  4.1
Earth Magic    | 4 |  4.9
Stealth        | 3 |  3.7
Dodging        | |  2.0

Action                   |  1- 3 |  4- 6 |  7- 9 || total
-------------------------+-------+-------+-------++-------
Melee: Unarmed           |     6 |       |       ||     6
       Constrict         |    11 |    24 |     5 ||    40
       Tentacles         |     7 |    11 |     1 ||    19
       Short sword       |    32 |       |       ||    32
       Club              |       |   120 |    14 ||   134
       Dagger            |       |       |     5 ||     5
 Cast: Sandblast         |    18 |    21 |    10 ||    49
       Petrify           |       |     1 |     1 ||     2
  Use: Potion            |       |     2 |     1 ||     3
 Stab: Sleeping          |     2 |    23 |     2 ||    27
       Distracted        |       |     1 |       ||     1
Armor: Skin              |     6 |    15 |     2 ||    23
Dodge: Dodged            |    32 |    79 |    20 ||   131
